 Dungeon Crawl Stone Soup version 0.19-a0-1188-g4c2e17c (webtiles) character file.

26 Kurtz the Ogre Mage (level 3, 0/31 HPs)
             Began as an Ogre Ice Elementalist on Aug 18, 2016.
             Killed by nerve-wracking pain
             ... invoked by Jessica
              (11 damage)
             ... on level 2 of the Dungeon.
             The game lasted 00:01:47 (1065 turns).

Kurtz the Ogre Mage (Ogre Ice Elementalist)         Turns: 1065, Time: 00:01:47

Health: 0/31       AC:  3    Str: 13    XL:     3   Next: 8%
Magic:  0/7        EV: 10    Int: 14    God:
Gold:   108        SH:  0    Dex: 11    Spells: 1 memorised, 7 levels left

rFire  . . .     SeeInvis .     l - +0 club
rCold  . . .     Gourm    .     a - +0 robe
rNeg   . . .     Faith    .     (no shield)
rPois  .         Spirit   .     (helmet restricted)
rElec  .         Dismiss  .     (no cloak)
rCorr  .         Reflect  .     (gloves unavailable)
MR     .....     Harm     .     (boots unavailable)
Stlth  +.........               (no amulet)
                                (no ring)
                                (no ring)

@: very slightly contaminated, drained
A: unfitting armour, tough skin 1
a: no special abilities


You were on level 2 of the Dungeon.
You were hungry.

You visited 1 branch of the dungeon, and saw 2 of its levels.

You collected 108 gold pieces.

Inventory:

Hand Weapons
 l - a +0 club (weapon)
Armour
 a - a +0 robe (worn)
Scrolls
 h - a scroll of random uselessness {unknown}
 i - a scroll of remove curse {unknown}
 k - 2 scrolls of identify {unknown}
Potions
 d - a potion of resistance {unknown}
 e - a potion of berserk rage {unknown}
 j - a potion of curing {unknown}
Books
 b - a book of Frost

   Spells                             Type                      Level
   a - Freeze                         Ice                          1
   b - Throw Frost                    Conjuration/Ice              2
   c - Ozocubu's Armour               Charms/Ice                   3
   d - Throw Icicle                   Conjuration/Ice              4
   e - Summon Ice Beast               Ice/Summoning                4
Comestibles
 c - 2 bread rations
 f - a meat ration


   Skills:
 - Level 1.7(1.3) Dodging
 - Level 1.5(1.1) Stealth
 + Level 3.2(2.8) Spellcasting
   Level 0.6(0.2) Conjurations
 + Level 2.6(2.2) Ice Magic


You had 7 spell levels left.
You knew the following spells:

 Your Spells              Type           Power        Failure   Level  Hunger
a - Freeze                Ice            #...         12%         1    #......


Dungeon Overview and Level Annotations

Branches:
Dungeon (2/15)

Altars:

Annotations:
D:2 Jessica


Innate Abilities, Weirdness & Mutations

You are too large for most types of armour.
You have tough skin. (AC +1)


Message History

You hit Jessica but do no damage. Jessica closely misses you.
You hit Jessica.
Jessica is moderately wounded.
Jessica closely misses you. Jessica barely misses you.
Casting: Freeze
Confirm with . or Enter, or press ? or * to list all spells.
Aiming: Freeze
Press: ? - help, Shift-Dir - straight line, f - Jessica
Aim: Jessica, wearing a robe (moderately wounded)
You freeze Jessica.
Jessica is severely wounded.
Jessica casts a spell at you. You resist with some effort.
You hit Jessica.
Jessica is almost dead.
Jessica casts a spell.
Jessica blinks!
Jessica casts a spell at you. Pain shoots through your body!
You die...

#..... #....## #
.#.# #.#...... .#.#
#.#..... >..#
#.)...#.# #.#.#
#..#...# #..#.# ##
#@)..##.#.........
#@#..###.##.#.....
#)#...............
#.ยง......<..#..###
#.#.######........
#!.........(....##
##.#######.##...#
... #.. ...!. .....
... .... #.....
..## )...


You could see Jessica.

Vanquished Creatures
  A dart slug (D:1)
  A giant gecko (D:1)
  A giant cockroach (D:1)
  5 goblins
  6 hobgoblins
  2 kobolds
  A giant newt (D:2)
  3 rats
20 creatures vanquished.

Notes
Turn   | Place    | Note
-------+----------+-------------------------------------------
     0 | D:1      | Kurtz the Ogre Ice Elementalist began the quest for the Orb.
     0 | D:1      | Reached XP level 1. HP: 16/16 MP: 3/3
   298 | D:1      | Reached XP level 2. HP: 24/24 MP: 3/5
   653 | D:1      | Reached skill level 3 in Spellcasting
  1042 | D:2      | Reached XP level 3. HP: 28/31 MP: 0/7
  1054 | D:2      | Noticed Jessica
  1065 | D:2      | Killed from afar by Jessica

Vault maps used:
D:1:      lightli_arrival_maybe_door_vault, minmay_pentomino_p2
D:2:      fedhas_altar_3, ecumenical_altar_1, first_bread, grunt_ministairs_8,
          uniq_jessica

Skill      XL: |  1  2 |
---------------+-------+-----
Spellcasting   | 3 |  3.2
Dodging        | |  1.7
Stealth        | |  1.5
Conjurations   | |  0.6
Ice Magic      | |  2.6

Action                   || total
-------------------------++-------
Melee: Unarmed           ||    16
       Club              ||    14
 Cast: Freeze            ||    27
 Stab: Sleeping          ||     1
Armor: Robe              ||    10
Dodge: Dodged            ||    34
